[Event "Team 45 45 League T55"]
[Site "Internet Chess Club"]
[Date "2013.01.11"]
[Round "8"]
[White "PaulaR"]
[Black "sockmonkey"]
[Result "1/2-1/2"]
[WhiteElo "1581"]
[BlackElo "1606"]
[Opening "Caro-Kann: Goldman (Spielmann) variation"]
[ECO "B11"]
[Time "10:00:48"]
[TimeControl "2700+45"]

1. e4 c6 2. Nc3 d5 3. Qf3 dxe4 4. Nxe4 Nd7 5. Bc4 Ne5 6. Qb3 Nxc4 7. Qxc4 Bf5 8.
Ng3 Bg6 9. h4 h6 10. Nf3 Nf6 11. Ne5 Qd5 12. Qxd5 cxd5 13. Nxg6 fxg6 14. d4 e6
15. Bf4 Be7 16. O-O-O O-O 17. f3 Ng4 18. fxg4 Rxf4 19. g5 hxg5 20. h5 Rg4 21.
hxg6 Rxg3 22. Rh7 Rg4 23. g3 Bf6 24. Rdh1 Kf8 25. Rh8+ Ke7 26. Rxa8 Bxd4 27. Rf1
Rxg3 28. Rf7+ Kd6 29. c3 Be3+ 30. Kc2 Rg2+ 31. Kd3 Bc1 32. Rxg7 Rd2+ 33. Ke3
Rxb2+ 34. Kf3 g4+ 35. Kg3 Bd2 36. Kxg4 Bxc3 37. Rd8+ Ke5 38. Re7 Rg2+ 39. Kf3
Rxg6 40. Rxb7 a5 41. Rc7 d4 42. Rc5+ Kf6 43. Kf4 Rg2 44. Kf3 Rxa2 45. Rc7 a4 46.
Rf8+ Ke5 47. Rc5+ Kd6 48. Rb5 a3 49. Ra8 Kc6 50. Re5 Kd6 51. Rb5 Kc6 52. Re5 Kd6
53. Rh5 Ra1 54. Ra6+ Ke7 55. Rh7+ Kf6 56. Rh6+ Ke5 57. Rhxe6+ Kd5 58. Kf2 Kc4
59. Re2 d3 60. Rc6+ Kb4 61. Re7 Ra2+ 62. Kg3 Rc2 63. Rb7+ Ka4 64. Ra6+ Ba5 65.
Rd7 Kb5 66. Rxd3 Kxa6 67. Rxa3 {Game drawn by mutual agreement} 1/2-1/2

[Event "Team 45 45 League T55"]
[Site "Internet Chess Club"]
[Date "2013.01.12"]
[Round "8"]
[White "PawnPusher3"]
[Black "zap2"]
[Result "1-0"]
[WhiteElo "1783"]
[BlackElo "1793"]
[Opening "Caro-Kann: Steinitz variation"]
[ECO "B17"]
[Time "09:14:00"]
[TimeControl "2700+45"]

1. e4 c6 2. d4 d5 3. Nc3 dxe4 4. Nxe4 Nd7 5. Nf3 Ngf6 6. Nxf6+ Nxf6 7. Bd3 Bg4
8. c3 e6 9. O-O Qc7 10. h3 Bh5 11. Bg5 Be7 12. Qe2 Nd5 13. Bxe7 Qxe7 14. Be4 Nf6
15. Rfe1 Nxe4 16. Qxe4 Bxf3 17. Qxf3 Qf6 18. Qg3 O-O-O 19. Re4 h5 20. Rf4 Qg6
21. Qxg6 fxg6 22. Re1 Kd7 23. Rf7+ Kd6 24. Rxg7 Rd7 25. Rxg6 Re7 26. g3 h4 27.
g4 Kd7 28. Kg2 Rhh7 29. f4 b6 30. Kf3 Rh8 31. Rg5 Rf7 32. Rge5 Rhf8 33. R1e4 Rf6
34. Rh5 Kd6 35. Rxh4 c5 36. dxc5+ bxc5 37. Rh7 e5 38. f5 Rb8 39. b3 Ra8 40. Ra4
Kd5 41. Rd7+ Kc6 42. Rdxa7 Rxa7 43. Rxa7 Kd5 44. Rd7+ Kc6 45. Rg7 Kd5 46. Rg6
Rf7 47. h4 Ra7 48. Ke3 Rxa2 49. c4# {Black checkmated} 1-0

[Event "Team 45 45 League T55"]
[Site "Internet Chess Club"]
[Date "2013.01.12"]
[Round "8"]
[White "mongmong"]
[Black "fireball"]
[Result "0-1"]
[WhiteElo "1644"]
[BlackElo "1788"]
[Opening "Queen's pawn game"]
[ECO "D04"]
[Time "19:03:50"]
[TimeControl "2700+45"]

1. d4 Nf6 2. Nf3 d5 3. e3 c5 4. c3 Nc6 5. Bd3 Bg4 6. Nbd2 e6 7. O-O Bd6 8. dxc5
Bxc5 9. Be2 O-O 10. Nd4 Bxe2 11. Qxe2 Qd7 12. Nxc6 Qxc6 13. Nf3 Qc7 14. h3 Ne4
15. Nd2 f5 16. Nb3 Bd6 17. Nd4 Qf7 18. Qf3 e5 19. Nb3 Ng5 20. Qe2 Qg6 21. Kh1 e4
22. Nd2 Qh6 23. f4 exf3 24. Nxf3 Ne4 25. Qb5 Ng3+ 26. Kg1 Nxf1 27. Qxd5+ Kh8 28.
Kxf1 Rab8 29. e4 f4 30. e5 Bc7 31. Qe4 Qa6+ 32. Kg1 Bb6+ 33. Kh2 Qf1 34. Rb1 Qa6
35. Bxf4 Qxa2 36. Bg3 Qe6 37. Ng5 Qf5 38. Qxf5 Rxf5 39. e6 Re8 40. Nf7+ Kg8 41.
Nd6 Rff8 42. Nxe8 Rxe8 43. Re1 Bc5 44. b4 Be7 45. b5 a6 46. bxa6 bxa6 47. Ra1
Ra8 48. Ra5 g6 49. c4 Kg7 50. Be5+ Bf6 51. Bd6 Bd8 52. Ra4 Kf6 53. c5 Kxe6 54.
Re4+ Kd7 55. Rf4 Bg5 56. Rf7+ Kc6 57. Rxh7 Be3 58. Rc7+ Kd5 59. Be7 Bf4+ {White
resigns} 0-1

[Event "Team 45 45 League T55"]
[Site "Internet Chess Club"]
[Date "2013.01.11"]
[Round "8"]
[White "nidusin2"]
[Black "Kravier"]
[Result "0-1"]
[WhiteElo "1621"]
[BlackElo "1697"]
[Opening "Caro-Kann: two knights, 3...Bg4"]
[ECO "B11"]
[Time "07:07:25"]
[TimeControl "2700+45"]

1. e4 c6 2. Nc3 d5 3. Nf3 Bg4 4. d4 g6 5. h3 dxe4 6. hxg4 exf3 7. Qxf3 Bg7 8.
Bc4 e6 9. Be3 Nd7 10. O-O-O Ndf6 11. g5 Nd5 12. Ne4 Qc7 13. Bxd5 cxd5 14. Nc5
Ne7 15. g4 Rc8 16. Rd2 b6 17. Nd3 Nc6 18. Ne1 a5 19. Rh3 a4 20. a3 b5 21. c3 b4
22. axb4 Nxb4 23. Qe2 O-O 24. Kb1 Nc6 25. Nc2 Na5 {White forfeits on time} 0-1

[Event "Team 45 45 League T55"]
[Site "Internet Chess Club"]
[Date "2013.01.12"]
[Round "8"]
[White "ChessMaine"]
[Black "monkeyshark"]
[Result "1-0"]
[WhiteElo "1460"]
[BlackElo "1553"]
[Opening "Queen's pawn: stonewall attack"]
[ECO "D00"]
[Time "20:01:13"]
[TimeControl "2700+45"]

1. d4 d5 2. e3 Nf6 3. Bd3 c5 4. c3 Nc6 5. Nf3 Bg4 6. Nbd2 e6 7. O-O Bd6 8. Qa4
c4 9. Be2 Qc7 10. Re1 O-O-O 11. b3 cxb3 12. axb3 a6 13. Ba3 Bxf3 14. Bxd6 Qxd6
15. Nxf3 Ne4 16. Rec1 f6 17. c4 Qb4 18. cxd5 Qxa4 19. Rxa4 Rxd5 20. Bxa6 Rd6 21.
Bd3 f5 22. Ra8+ Kd7 23. Rxh8 Nf6 24. Ne5+ Nxe5 25. dxe5 Rxd3 26. exf6 gxf6 27.
Rxh7+ Kd6 28. Rxb7 Kd5 29. Rd7+ Ke4 30. Rxd3 Kxd3 31. b4 f4 32. exf4 f5 33. b5
e5 34. fxe5 Kd2 35. Rc8 Kd3 36. e6 Ke4 37. e7 Kf4 38. e8=Q {Black resigns} 1-0

[Event "Team 45 45 League T55"]
[Site "Internet Chess Club"]
[Date "2013.01.13"]
[Round "8"]
[White "ScotchYeti"]
[Black "AVEMARIA"]
[Result "0-1"]
[WhiteElo "1678"]
[BlackElo "1695"]
[Opening "French: Two knights variation"]
[ECO "C00"]
[Time "15:01:14"]
[TimeControl "2700+45"]

1. e4 e6 2. Nf3 d5 3. Nc3 Nf6 4. e5 Nfd7 5. d4 c5 6. dxc5 Nc6 7. Bf4 Bxc5 8. Bd3
a6 9. O-O Be7 10. Qe2 Nc5 11. a3 Bd7 12. b4 Nxd3 13. Qxd3 b5 14. Ne2 Rc8 15. c3
g5 16. Bg3 h5 17. h3 Bf8 18. Ned4 Nxd4 19. cxd4 Be7 20. Rac1 Rc4 21. Nd2 g4 22.
Nxc4 bxc4 23. Qe2 h4 24. Bf4 gxh3 25. gxh3 Bg5 26. Qf3 f6 27. Bxg5 fxg5 28. Rc3
Qe7 29. Rfc1 Qh7 30. Qg4 Qf5 31. Rf3 Qxg4+ 32. hxg4 Rh6 33. Rfc3 Ke7 34. Rf1 Rg6
35. Kh2 Ba4 36. f4 gxf4 37. Rxf4 Bd1 38. Kh3 Be2 39. Kxh4 Bd3 40. Kh5 Rg8 41.
Kh4 Rh8+ 42. Kg3 Rh1 43. Kg2 Rh6 44. Rf3 Be4 45. Kg3 Bxf3 46. Kxf3 Rh3+ 47. Kf4
Rxc3 {White resigns} 0-1

[Event "Team 45 45 League T55"]
[Site "Internet Chess Club"]
[Date "2013.01.14"]
[Round "8"]
[White "Kingofknights"]
[Black "cepheid"]
[Result "1-0"]
[WhiteElo "1633"]
[BlackElo "1647"]
[Opening "Nimzo-Indian: Fischer variation"]
[ECO "E43"]
[Time "20:00:20"]
[TimeControl "2700+45"]

1. d4 Nf6 2. c4 e6 3. Nc3 Bb4 4. e3 b6 5. Bd3 Bb7 6. Ne2 Bxg2 7. Rg1 Bf3 8. Rxg7
Ng4 9. h3 f5 10. hxg4 Qf6 11. Rxd7 Nxd7 12. gxf5 exf5 13. Qc2 Bxe2 14. Bxe2
O-O-O 15. Bd2 Qh4 16. Qa4 Bxc3 17. Bxc3 Kb8 18. Bf3 Nf6 19. Bc6 Ne4 20. O-O-O
Qxf2 21. Qa6 Nd6 22. c5 Qxe3+ 23. Bd2 Qxd4 24. Bc3 Qxc5 25. Rxd6 Qg1+ 26. Kc2
Qf2+ 27. Kb3 {Black resigns} 1-0

[Event "Team 45 45 League T55"]
[Site "Internet Chess Club"]
[Date "2013.01.10"]
[Round "8"]
[White "Hal2001"]
[Black "tightfist"]
[Result "1/2-1/2"]
[WhiteElo "1591"]
[BlackElo "1574"]
[Opening "French defense"]
[ECO "C00"]
[Time "18:01:37"]
[TimeControl "2700+45"]

1. e4 e6 2. Nf3 b6 3. Nc3 Bb7 4. d4 d6 5. Bd3 h6 6. Bd2 Nd7 7. Qe2 Qc8 8. O-O
Ngf6 9. Rfe1 e5 10. dxe5 Nxe5 11. Nxe5 dxe5 12. Bc4 a6 13. Nd5 Qd8 14. Nxf6+
Qxf6 15. a3 Bd6 16. Rad1 O-O 17. Qg4 b5 18. Ba2 Bc5 19. Be3 Bd6 20. Rd3 Bc8 21.
Qg3 Be6 22. Bxe6 Qxe6 23. Red1 f5 24. exf5 Rxf5 25. Qh3 Raf8 26. Rd5 Qg6 27. Qg3
Qxg3 28. hxg3 h5 29. f3 g5 30. Bc5 Bxc5+ 31. Rxc5 R8f7 32. Rd8+ Kg7 33. Rc8 g4
34. R8xc7 gxf3 35. Rxf7+ Kxf7 36. gxf3 Rxf3 37. Rxe5 Rxg3+ 38. Kh2 Rf3 39. Kg2
Rf6 40. Rxh5 Ke6 41. Rc5 Kd6 42. b4 Rf4 43. Rh5 Rc4 44. Rh6+ Kc7 45. Rxa6 Rxc2+
46. Kf3 Kb7 47. Ra5 Kb6 48. Ke3 Rc3+ 49. Kd4 Rc1 50. Kd3 Rc8 51. Kd4 Rc4+ 52.
Kd3 Rc8 {Game drawn by mutual agreement} 1/2-1/2

[Event "Team 45 45 League T55"]
[Site "Internet Chess Club"]
[Date "2013.01.10"]
[Round "8"]
[White "whiskeytown"]
[Black "cBishop"]
[Result "1/2-1/2"]
[WhiteElo "1616"]
[BlackElo "1646"]
[Opening "Sicilian: Canal-Sokolsky (Nimzovich-Rossolimo, Moscow) attack"]
[ECO "B51"]
[Time "12:01:54"]
[TimeControl "2700+45"]

1. e4 c5 2. Nf3 d6 3. Bb5+ Nc6 4. O-O a6 5. Bxc6+ bxc6 6. h3 e5 7. c3 g6 8. d4
cxd4 9. cxd4 exd4 10. Qxd4 Qf6 11. Be3 Qxd4 12. Bxd4 f6 13. Re1 Bg7 14. Nbd2 Be6
15. Ng5 Kd7 16. f4 Ne7 17. Nxe6 Kxe6 18. Nf3 h6 19. g4 Kf7 20. e5 Rhd8 21. exd6
Rxd6 22. Bc5 Rd7 23. Rad1 Rad8 24. Rxe7+ Rxe7 25. Rxd8 Re2 26. Ra8 Rxb2 27. Rxa6
Rc2 28. Rxc6 Rxa2 29. Rc7+ Kg8 30. Nh4 f5 31. Nxg6 fxg4 32. hxg4 h5 33. gxh5
Bd4+ 34. Bxd4 Rg2+ 35. Kf1 Rf2+ 36. Ke1 Re2+ 37. Kd1 Rd2+ 38. Kc1 Rd1+ 39. Kb2
Rb1+ 40. Ka3 Rb3+ 41. Ka4 Rb4+ 42. Ka5 Rb5+ 43. Ka6 Rb6+ 44. Kxb6 {Black
stalemated} 1/2-1/2

[Event "Team 45 45 League T55"]
[Site "Internet Chess Club"]
[Date "2013.01.12"]
[Round "8"]
[White "xt"]
[Black "room-matt"]
[Result "1-0"]
[WhiteElo "1673"]
[BlackElo "1795"]
[Opening "Two knights defense"]
[ECO "C58"]
[Time "00:18:06"]
[TimeControl "2700+45"]

1. e4 e5 2. Nf3 Nc6 3. Bc4 Nf6 4. Ng5 d5 5. exd5 Na5 6. Bb5+ c6 7. dxc6 bxc6 8.
Bd3 h6 9. Ne4 Be7 10. O-O O-O 11. Re1 Qd4 12. Ng3 Bc5 13. Qe2 Bg4 14. Qe3 Rad8
15. Qxd4 Bxd4 16. h3 Be6 17. Nc3 Rfe8 18. Bf5 Nb7 19. Bxe6 Rxe6 20. Nf5 Bc5 21.
d3 Nd6 22. Nxd6 Rdxd6 23. Be3 Bxe3 24. Rxe3 Nd5 25. Nxd5 cxd5 26. Rae1 Ra6 27.
a3 Rac6 28. c3 f6 29. f4 Rb6 30. R1e2 e4 31. dxe4 Rxe4 32. Rxe4 dxe4 33. f5 Rb5
34. g4 Kf7 35. Kf2 g6 36. fxg6+ Kxg6 37. Ke3 Kg5 38. Kxe4 Kh4 39. c4 Ra5 40. Re3
Kg5 41. Rf3 Re5+ 42. Kd4 Re2 43. b4 Rd2+ 44. Ke4 Re2+ 45. Kd5 Re5+ 46. Kd6 a6
47. c5 {Black resigns} 1-0

[Event "Team 45 45 League T55"]
[Site "Internet Chess Club"]
[Date "2013.01.09"]
[Round "8"]
[White "hondocando"]
[Black "latayvia"]
[Result "0-1"]
[WhiteElo "1566"]
[BlackElo "1827"]
[Opening "Pirc: classical, h3 system"]
[ECO "B06"]
[Time "12:00:50"]
[TimeControl "2700+45"]

1. e4 g6 2. Nf3 Bg7 3. d4 d6 4. Nc3 Nf6 5. h3 O-O 6. Be3 a6 7. Bd3 b5 8. O-O Bb7
9. a3 Nbd7 10. Qd2 e5 11. d5 Nc5 12. b4 Ncd7 13. Bg5 Qe8 14. Rad1 Nxe4 15. Bxe4
f5 16. Bh6 fxe4 17. Bxg7 Kxg7 18. Nxe4 Nb6 19. Nc3 Nc4 20. Qc1 Bc8 21. Nd2 Nb6
22. Nde4 h6 23. Rd3 Bf5 24. f3 Nc4 25. g4 Bxe4 26. Nxe4 Rf4 27. Nd2 Nb6 28. Kg2
Qf7 29. Ne4 Nxd5 30. c3 Rf8 31. Kg3 Nb6 32. Qe3 Nc4 33. Qa7 Rxe4 34. Kg2 Re2+
35. Rf2 Rxf2+ 36. Kxf2 e4 37. Qd4+ Qf6 38. Qxe4 Nxa3 39. Qc6 Rf7 40. Qxa6 Qh4+
41. Kg2 Re7 42. Rd2 Nc4 43. Ra2 Ne3+ 44. Kh2 Nf1+ 45. Kg2 Qg3+ 46. Kh1 Re1 47.
Ra1 Qh2# {White checkmated} 0-1

[Event "Team 45 45 League T55"]
[Site "Internet Chess Club"]
[Date "2013.01.13"]
[Round "8"]
[White "gandre"]
[Black "Signalman"]
[Result "1/2-1/2"]
[WhiteElo "1812"]
[BlackElo "1531"]
[Opening "Old Indian: Ukrainian variation"]
[ECO "A53"]
[Time "09:30:49"]
[TimeControl "2700+45"]

1. d4 d6 2. c4 Nf6 3. Nc3 e5 4. d5 Nbd7 5. e4 Nc5 6. Qc2 a5 7. h3 Be7 8. Be3 O-O
9. Nf3 b6 10. Be2 Bd7 11. g4 a4 12. Rg1 a3 13. b3 c6 14. g5 Nh5 15. Nxe5 dxe5
16. Bxh5 cxd5 17. exd5 g6 18. Bf3 Bxh3 19. d6 Bxd6 20. Bxa8 Qxa8 21. O-O-O Bf5
22. Qe2 Qa5 23. Nd5 Kg7 24. b4 Qa4 25. bxc5 bxc5 26. Nc3 Qb4 27. Nb5 Bc7 28. Rd3
Bxd3 29. Qxd3 {Game drawn by mutual agreement} 1/2-1/2

[Event "Team 45 45 League T55"]
[Site "Internet Chess Club"]
[Date "2013.01.13"]
[Round "8"]
[White "werty"]
[Black "Megasus"]
[Result "1/2-1/2"]
[WhiteElo "1541"]
[BlackElo "1632"]
[Opening "Queen's pawn: London system"]
[ECO "A45"]
[Time "05:03:45"]
[TimeControl "2700+45"]

1. d4 Nf6 2. Bf4 e6 3. Nf3 d5 4. e3 a6 5. Bd3 Nbd7 6. Nbd2 c5 7. c3 b5 8. a3 c4
9. Bc2 Bb7 10. O-O h6 11. h3 Nh5 12. Bh2 g5 13. e4 Nf4 14. exd5 Bxd5 15. Be4 Nf6
16. Bxd5 Qxd5 17. a4 Bd6 18. Bxf4 Bxf4 19. axb5 axb5 20. Rxa8+ Qxa8 21. b3 Qa2
22. Qa1 cxb3 23. Nxb3 Qxa1 24. Rxa1 O-O 25. g3 Bc7 26. Ra7 Rc8 27. Rb7 Nd5 28.
Rxb5 Nxc3 29. Rc5 Nd5 30. Nbd2 Ra8 31. Rc2 Ra1+ 32. Kg2 Ra4 33. Rc4 Ra2 34. Rc6
Rb2 35. Rc1 Ra2 36. Rc6 Rb2 37. Rc1 {Game drawn by mutual agreement} 1/2-1/2

[Event "Team 45 45 League T55"]
[Site "Internet Chess Club"]
[Date "2013.01.14"]
[Round "8"]
[White "Elalfer"]
[Black "seattleblues"]
[Result "1/2-1/2"]
[WhiteElo "1391"]
[BlackElo "1461"]
[Opening "King's Indian: 5.Nf3"]
[ECO "E90"]
[Time "20:00:09"]
[TimeControl "2700+45"]

1. d4 Nf6 2. c4 g6 3. Nc3 Bg7 4. e4 d6 5. Nf3 O-O 6. Bd3 e5 7. d5 a5 8. O-O Na6
9. Be3 Nd7 10. a3 Ndc5 11. Be2 f5 12. Qc2 f4 13. Bxc5 Nxc5 14. b4 Nd7 15. Nb5
Nf6 16. c5 Ne8 17. Rfc1 Rf7 18. cxd6 cxd6 19. Nd2 g5 20. Nc4 Bf8 21. Nxa5 g4 22.
f3 Qb6+ 23. Kh1 g3 24. h3 Bxh3 25. gxh3 Qf2 26. Bf1 Qxf3+ 27. Bg2 Qe3 28. Qc3
Qb6 29. Qd3 Bh6 30. Bf3 Qf2 31. Qe2 Qxe2 32. Bxe2 f3 33. Bd3 Bxc1 34. Rxc1 f2
35. Nxb7 Rg7 36. Kg2 Rxb7 37. Kxg3 Rd8 38. Kxf2 Nf6 39. Nc7 Rd7 40. Ne6 Nh5 41.
Rc8+ Kf7 42. Nd8+ Ke7 43. Nxb7 Rxb7 44. Rc3 Nf4 45. Bf1 Ng6 46. b5 Nf8 {Game
drawn by mutual agreement} 1/2-1/2

[Event "Team 45 45 League T55"]
[Site "Internet Chess Club"]
[Date "2013.01.13"]
[Round "8"]
[White "medsurg"]
[Black "fuzzface"]
[Result "1-0"]
[WhiteElo "1255"]
[BlackElo "1341"]
[Opening "QGD Slav: 4.Nc3"]
[ECO "D15"]
[Time "14:00:14"]
[TimeControl "2700+45"]

1. d4 d5 2. c4 c6 3. Nc3 Nf6 4. Nf3 Bg4 5. Qb3 Qb6 6. Qxb6 axb6 7. cxd5 cxd5 8.
Bg5 Bxf3 9. gxf3 e6 10. e3 Be7 11. Bb5+ Nc6 12. Rg1 h6 13. Bf4 O-O 14. Bxh6 Kh7
15. Bf4 Nh5 16. Bd3+ g6 17. Bc7 Nb4 18. Bb1 Bd8 19. Bd6 Rg8 20. Bxb4 Kh6 21. Bd6
g5 22. Bd3 Bf6 23. Ke2 Rad8 24. Be5 Bxe5 25. dxe5 d4 26. Ne4 Rd5 27. Nf6 Nxf6
28. exf6 e5 29. exd4 Rxd4 30. Rg4 Rxg4 31. fxg4 Re8 32. Bf5 Ra8 33. a3 b5 34.
Rc1 b4 35. Rc7 bxa3 36. Rxf7 Rh8 37. bxa3 b5 38. Ke3 e4 39. Kxe4 Re8+ 40. Re7 b4
41. axb4 Rh8 42. b5 Re8 43. b6 Rh8 44. b7 Re8 45. b8=Q Rxe7+ 46. fxe7 Kg7 47.
Qf8# {Black checkmated} 1-0

[Event "Team 45 45 League T55"]
[Site "Internet Chess Club"]
[Date "2013.01.13"]
[Round "8"]
[White "tamky70"]
[Black "dabodhi"]
[Result "0-1"]
[WhiteElo "1389"]
[BlackElo "1431"]
[Opening "English: closed system (without ...d6)"]
[ECO "A26"]
[Time "15:00:11"]
[TimeControl "2700+45"]

1. c4 e5 2. Nc3 Nc6 3. g3 g6 4. Bg2 Bg7 5. d3 Nf6 6. e4 d6 7. Nge2 Be6 8. O-O
Qc8 9. Bg5 Bh3 10. Bxf6 Bxf6 11. Nd5 Bxg2 12. Nxf6+ Ke7 13. Nd5+ Kd8 14. Kxg2 f5
15. b4 Rf8 16. Qd2 Kd7 17. f4 Qe8 18. fxe5 Nxe5 19. d4 Nxc4 20. Qg5 Rf7 21. Nec3
a6 22. Nf6+ Rxf6 23. Qxf6 Ne3+ 24. Kf2 Ng4+ 25. Kg2 Nxf6 26. exf5 gxf5 27. Rae1
Qg6 28. d5 h5 29. h4 Re8 30. Ne2 Nxd5 31. Kf2 Ne3 32. Rg1 Ng4+ 33. Kg2 Qf7 34.
Nf4 Qxa2+ {White resigns} 0-1

[Event "Team 45 45 League T55"]
[Site "Internet Chess Club"]
[Date "2013.01.13"]
[Round "8"]
[White "tcianciola"]
[Black "wildangels"]
[Result "1-0"]
[WhiteElo "1177"]
[BlackElo "1077"]
[Opening "Dutch"]
[ECO "A80"]
[Time "09:00:05"]
[TimeControl "2700+45"]

1. d4 f5 2. Nf3 Nf6 3. Nc3 g6 4. Bg5 Bg7 5. e3 d6 6. Bc4 c6 7. O-O Nbd7 8. Re1
Nb6 9. Bb3 d5 10. Ne5 O-O 11. h3 Qe8 12. Ne2 Nbd7 13. Nxd7 Bxd7 14. c4 Ne4 15.
Bf4 c5 16. cxd5 g5 17. Be5 Nf6 18. dxc5 g4 19. h4 Nh5 20. c6 Bxe5 21. cxd7 Qxd7
22. d6+ Kh8 23. Ba4 Qxd6 24. Qxd6 exd6 25. Rab1 Rad8 26. g3 a6 27. Bb3 b5 28.
Bd5 Rc8 29. Bb7 Rc5 30. Bxa6 Nf6 31. b3 Ne4 32. Red1 Rc2 33. Bxb5 Nd2 34. Rbc1
Nf3+ 35. Kg2 Rxc1 36. Rxc1 Bb2 37. Rd1 Ne5 38. Rxd6 Ba3 39. Rd5 Nf3 40. Bd7 Bb4
41. Rxf5 Ne1+ 42. Kf1 Rd8 43. Rd5 Nf3 44. Nf4 Nh2+ 45. Kg2 Nf3 46. Bxg4 Rxd5 47.
Nxd5 Ne1+ 48. Kf1 Bd2 49. a4 Nd3 50. Ke2 Ne5 51. Kxd2 Nxg4 52. f3 Ne5 53. f4
Nf3+ 54. Ke2 Nh2 55. e4 Ng4 56. Kf3 Nh6 57. e5 Nf7 58. g4 Nd8 59. g5 Kg7 60. Kg4
Kg6 61. f5+ Kf7 62. Nf6 Nc6 63. Nxh7 Nxe5+ 64. Kf4 Nd3+ 65. Kg4 Ne5+ 66. Kh5 Kg7
67. Nf6 Nf7 68. a5 Nd6 69. b4 Nxf5 70. a6 Ng3+ 71. Kg4 Ne2 72. a7 Nd4 73. a8=Q
Ne6 74. Qg8# {Black checkmated} 1-0

[Event "Team 45 45 League T55"]
[Site "Internet Chess Club"]
[Date "2013.01.13"]
[Round "8"]
[White "Morovon23"]
[Black "MaartenKoning"]
[Result "1/2-1/2"]
[WhiteElo "2334"]
[BlackElo "2284"]
[Opening "Benkö gambit half accepted"]
[ECO "A57"]
[Time "09:16:09"]
[TimeControl "2700+45"]

1. d4 Nf6 2. c4 c5 3. d5 b5 4. cxb5 a6 5. f3 e6 6. e4 c4 7. Bxc4 axb5 8. Bxb5
Bc5 9. Ne2 Bb7 10. Nbc3 O-O 11. Bg5 exd5 12. Nxd5 Bxd5 13. exd5 Qb6 14. Qb3 Na6
15. O-O-O Rfc8 16. Kb1 Rab8 17. a4 Nc7 18. Nc3 Bd4 19. Bxf6 Bxf6 20. d6 Nxb5 21.
Nxb5 Qf2 22. g4 g6 23. h4 Re8 24. Rhf1 Qxh4 25. Rd2 Re1+ 26. Rxe1 Qxe1+ 27. Qd1
Qe5 28. Rc2 Qf4 29. Rc7 Qb4 30. Qc2 Ra8 31. Rc4 Qe1+ 32. Ka2 Re8 33. Rc8 Kg7 34.
Rxe8 Qxe8 35. Qb3 Qe2 36. a5 Qd2 37. Qa3 Qd5+ 38. Qb3 Qd2 39. Qa3 Qd5+ 40. Qb3
Qd2 {Game drawn by repetition} 1/2-1/2

[Event "Team 45 45 League T55"]
[Site "Internet Chess Club"]
[Date "2013.01.12"]
[Round "8"]
[White "Barrett-CCSCSL"]
[Black "MikeA"]
[Result "1/2-1/2"]
[WhiteElo "2135"]
[BlackElo "2225"]
[Opening "King's Indian: East Indian defense"]
[ECO "A48"]
[Time "11:03:03"]
[TimeControl "2700+45"]

1. Nf3 Nf6 2. d4 g6 3. b3 Bg7 4. Bb2 d6 5. Nbd2 O-O 6. e3 c5 7. Be2 Nc6 8. O-O
Qc7 9. c4 cxd4 10. exd4 e5 11. Re1 Re8 12. d5 Ne7 13. Rc1 b6 14. Rc3 Bb7 15. Ng5
Nf5 16. Rh3 Nd4 17. Nde4 Nxe4 18. Nxe4 Bc8 19. Re3 Nxe2+ 20. R3xe2 a6 21. Ba3
Rd8 22. Qc1 b5 23. Qd2 Bf5 24. Rc1 Bxe4 25. cxb5 Qd7 26. Rxe4 axb5 27. Bb4 Rac8
28. Ree1 Rxc1 29. Rxc1 Qf5 30. Rc6 Qb1+ 31. Rc1 Qf5 32. Rc6 Qb1+ 33. Rc1 Qf5 34.
g3 e4 35. a3 Be5 36. Qe3 Re8 37. Rc6 Rd8 38. Ba5 Ra8 39. Bb4 Rd8 40. Rb6 Rc8 41.
Rc6 Rd8 {Game drawn by repetition} 1/2-1/2

[Event "Team 45 45 League T55"]
[Site "Internet Chess Club"]
[Date "2013.01.12"]
[Round "8"]
[White "StephenHawking"]
[Black "Campagnolo"]
[Result "1-0"]
[WhiteElo "2251"]
[BlackElo "2064"]
[Opening "Réti: King's Indian attack (Barcza system)"]
[ECO "A07"]
[Time "20:14:44"]
[TimeControl "2700+45"]

1. Nf3 d5 2. g3 c6 3. Bg2 Nf6 4. O-O Bf5 5. d3 e6 6. c4 Be7 7. Qb3 Qb6 8. Qc2
O-O 9. Be3 Qa5 10. Nbd2 Nbd7 11. Nh4 Bg4 12. h3 Bh5 13. g4 Bg6 14. Nxg6 hxg6 15.
a3 Qc7 16. Rac1 dxc4 17. dxc4 Rfd8 18. Rfd1 Nf8 19. Nf3 Bd6 20. Rd2 Bf4 21. Bxf4
Qxf4 22. e3 Qc7 23. Rcd1 Rxd2 24. Qxd2 Rc8 25. Qd4 a6 26. Ne5 N6d7 {Black
resigns} 1-0

[Event "Team 45 45 League T55"]
[Site "Internet Chess Club"]
[Date "2013.01.13"]
[Round "8"]
[White "TerryMalloy"]
[Black "primerpaso"]
[Result "1-0"]
[WhiteElo "1988"]
[BlackElo "1914"]
[Opening "Sicilian: Najdorf, 7...Be7 main line"]
[ECO "B99"]
[Time "18:03:50"]
[TimeControl "2700+45"]

1. e4 c5 2. Nf3 d6 3. d4 cxd4 4. Nxd4 Nf6 5. Nc3 a6 6. Bg5 e6 7. f4 Be7 8. Qf3
Qc7 9. O-O-O Nbd7 10. g4 b5 11. Bxf6 gxf6 12. f5 Ne5 13. Qh3 Bd7 14. g5 fxg5 15.
fxe6 fxe6 16. Nxe6 Qc8 17. Ng7+ Kf7 18. Nf5 Bxf5 19. exf5 h5 20. Bg2 Ra7 21.
Bd5+ Kg7 22. Rhf1 Rc7 23. Kb1 Bf6 24. Be6 Qd8 25. Ne4 Rc6 26. Qe3 Qe7 27. Rg1
Ng4 28. Qd2 Kh6 29. h4 Rd8 30. Rxg4 hxg4 31. hxg5+ Bxg5 32. Rh1+ Kg7 {Black
resigns} 1-0

[Event "Team 45 45 League T55"]
[Site "Internet Chess Club"]
[Date "2013.01.13"]
[Round "8"]
[White "Warren"]
[Black "grabuark"]
[Result "1/2-1/2"]
[WhiteElo "2245"]
[BlackElo "2229"]
[Opening "Sicilian: dragon, Yugoslav attack, 9...Bd7"]
[ECO "B77"]
[Time "10:00:22"]
[TimeControl "2700+45"]

1. e4 c5 2. Nf3 d6 3. d4 cxd4 4. Nxd4 Nf6 5. Nc3 g6 6. Be3 Bg7 7. f3 O-O 8. Qd2
Nc6 9. Bc4 Bd7 10. h4 h5 11. O-O-O Ne5 12. Bb3 Rc8 13. Bg5 Rc5 14. g4 hxg4 15.
f4 Nc4 16. Qe2 Na5 17. e5 Nxb3+ 18. Nxb3 Rxc3 19. bxc3 Bc6 20. exf6 exf6 21.
Qxg4 Bxh1 22. Rxh1 fxg5 23. hxg5 Qc8 24. Qxc8 Rxc8 25. Rd1 Bxc3 26. Rxd6 Rc4 27.
Rd8+ Kg7 28. Rd3 b5 29. Rf3 b4 30. Nd2 Rd4 31. Nb1 Be1 32. c3 bxc3 33. Kc2 Bd2
34. Nxd2 cxd2 35. Kd1 a5 36. f5 gxf5 37. Rxf5 a4 38. Rf2 Rd3 39. Rf5 Ra3 40.
Kxd2 Rxa2+ 41. Kc3 Rg2 42. Kb4 Rg4+ 43. Ka3 Re4 44. Kb2 Re3 45. Kc2 a3 46. Kb1
Re2 47. Rf3 a2+ 48. Ka1 Re5 49. Kxa2 Rxg5 50. Kb3 Rc5 51. Kb4 Rc7 52. Rf1 f6 53.
Rg1+ Kf7 54. Rf1 Rc6 55. Kb5 Rc2 56. Kb4 Ke6 57. Re1+ Kd5 58. Rf1 Rc6 59. Kb5
Re6 60. Kb4 Re4+ 61. Kc3 Ke5 62. Kd3 f5 63. Rf3 Ra4 64. Ke2 f4 65. Rh3 Ke4 66.
Kf1 Kf5 67. Rb3 Kg4 68. Rc3 Ra2 69. Rb3 Kh4 70. Rc3 Ra8 71. Rb3 Rg8 72. Kf2 Kg4
73. Ra3 Rh8 74. Rb3 Rh1 75. Ra3 {Game drawn by mutual agreement} 1/2-1/2

[Event "Team 45 45 League T55"]
[Site "Internet Chess Club"]
[Date "2013.01.14"]
[Round "8"]
[White "Zumbi"]
[Black "Fezzik"]
[Result "1-0"]
[WhiteElo "2280"]
[BlackElo "2205"]
[Opening "QGD Slav: Carlsbad variation"]
[ECO "D17"]
[Time "23:16:42"]
[TimeControl "2700+45"]

1. d4 d5 2. c4 c6 3. Nf3 Nf6 4. Nc3 dxc4 5. a4 Bf5 6. Ne5 Nbd7 7. Nxc4 Qc7 8. g3
e5 9. dxe5 Nxe5 10. Bf4 Nfd7 11. Bg2 g5 12. Ne3 gxf4 13. Nxf5 O-O-O 14. Qc2 fxg3
15. hxg3 h5 16. O-O-O Kb8 17. Kb1 Nf6 18. f4 Nc4 19. e4 Ng4 20. Rxd8+ Qxd8 21.
Qe2 Nd6 22. Rd1 Qc7 23. Nxd6 Bxd6 24. e5 Be7 25. Bf3 f5 26. Bxg4 hxg4 27. e6 Bf6
28. Rd7 Qb6 29. e7 Re8 30. Kc2 c5 31. Qc4 Bxc3 32. bxc3 Qc6 33. Rd8+ Kc7 34.
Rxe8 Qxe8 35. Qxc5+ Kd7 36. Qxf5+ {Black resigns} 1-0